AoeStats
← maijua

Arabia

510619257Analyzed
1v1 RM · 21h ago on Oct 1, 2026· 62m 56s· 2 players
Game mode
Random Map
Map size
Tiny (2 player)
Population
200
Speed
Normal
Resources
Standard
Victory
Conquest
Starting age
Dark Age
Ending age
Imperial Age
RankedLock teamsTeams togetherTeam positionsShared explorationLock speedFull tech treeHidden civsTurbo modeCheats
Victory
Defeat
🇦🇷 Vikings · Argentina
977
+15
🇦🇷 Mongols · Argentina
965
-15
ElAguuz
8:21 Feudal Age
9:04 Double-Bit Axe
18:26 Wheelbarrow
21:10 Castle Age
19:43 Fletching
21:31 Forging
21:26 Scale Barding Armor
21:34 Bloodlines
21:59 Husbandry
23:50 Bow Saw
24:52 Gold Mining
27:14 Horse Collar
29:50 Loom
30:39 Chain Barding Armor
30:55 Iron Casting
30:31 Heavy Plow
33:01 Hand Cart
32:35 Town Watch
34:48 Ballistics
41:01 Imperial Age
38:44 Bodkin Arrow
38:50 Padded Archer Armor
42:26 Cavalier
43:40 Padded Archer Armor
46:28 Drill
46:20 Siege Engineers
48:30 Chemistry
51:13 Leather Archer Armor
55:28 Iron Casting
55:32 Conscription
55:34 Bracer
maijua
3:20 Loom
10:04 Feudal Age
10:45 Horse Collar
10:52 Double-Bit Axe
12:32 Forging
14:44 Scale Mail Armor
20:45 Castle Age
19:08 Gold Mining
19:10 Stone Mining
20:35 Fletching
20:46 Padded Archer Armor
23:44 Pikeman
24:24 Squires
25:25 Iron Casting
25:12 Bow Saw
26:57 Chain Mail Armor
27:04 Elite Skirmisher
32:02 Bodkin Arrow
32:23 Leather Archer Armor
33:42 Murder Holes
34:09 Ballistics
36:43 Imperial Age
36:50 Imperial Age
34:53 Heavy Plow
36:43 Chieftains
38:29 Conscription
38:35 Conscription
38:27 Bracer
38:58 Ring Archer Armor
39:34 Blast Furnace
39:05 Plate Mail Armor
41:21 Bracer
46:58 Chemistry
48:24 Elite Berserk
52:34 Two-Man Saw
52:13 Crop Rotation
51:34 Town Watch
Connection lost

Rejoining the realm…

Still unreachable

The connection could not be restored.

Session expired

The server has moved on; the page needs a fresh start.